 Dungeon Crawl Stone Soup version 0.29.0-13-gc9e81de378 (webtiles) character file.

Game seed: 14568118934805386095

336 Persephone the Chopper (level 6, -16/78 HPs)
             Began as a Minotaur Berserker on Sept 7, 2022.
             Was a Believer of Trog.
             Demolished by an ogre
             ... wielding a +0 giant spiked club
              (28 damage)
             ... on level 4 of the Dungeon.
             The game lasted 00:03:49 (3302 turns).

Persephone the Chopper (Minotaur Berserker)         Turns: 3302, Time: 00:03:50

Health: -16/78     AC:  5    Str: 24    XL:     6   Next: 28%
Magic:  5/5        EV: 11    Int:  4    God:    Trog [**....]
Gold:   143        SH:  0    Dex:  9    Spells: 5/5 levels left

rFire   . . .      SeeInvis .   p - +0 war axe
rCold   . . .      Faith    .   (no shield)
rNeg    . . .      Spirit   .   i - +0 ring mail
rPois   .          Reflect  .   (helmet restricted)
rElec   .          Harm     .   (no cloak)
rCorr   .          Rampage  .   (no gloves)
Will    .....                   (no boots)
Stlth   ..........              (no amulet)
HPRegen 0.23/turn               (no ring)
MPRegen 0.09/turn               (no ring)

@: berserking, very quick
A: horns 2, retaliatory headbutt
a: Renounce Religion, Berserk, Trog's Hand


You were on level 4 of the Dungeon.
You worshipped Trog.
Trog was pleased with you.
You visited 1 branch of the dungeon, and saw 4 of its levels.

You collected 143 gold pieces.

Inventory:

Hand Weapons
 a - a +0 hand axe
 p - a +0 war axe (weapon)
Armour
 b - a +0 animal skin
 i - a +0 ring mail (worn)
Jewellery
 e - a ring of flight
 n - an amulet of magic regeneration
Scrolls
 d - 3 scrolls of fear {unknown}
 g - 3 scrolls of enchant armour {unknown}
 h - 2 scrolls of immolation {unknown}
 k - 2 scrolls of identify {unknown}
 m - a scroll of acquirement {unknown}
 q - a scroll of vulnerability {unknown}
 r - a scroll of blinking {unknown}
Potions
 c - 2 potions of flight {unknown}
 f - a potion of attraction {unknown}
 j - 2 potions of heal wounds {unknown}
 l - a potion of mutation {unknown}
 o - 2 potions of curing
 s - 3 potions of haste {unknown}
 t - a potion of resistance {unknown}


   Skills:
 - Level 4.3 Fighting
 + Level 7.5 Axes
 - Level 3.3 Armour
 - Level 3.0 Dodging


You had 5 spell levels left.
You didn't know any spells.
Your spell library was empty.

Dungeon Overview and Level Annotations

Branches:
Dungeon (4/15)
 Temple: D:4-7

Altars:
Elyvilon
Yredelemnul

Shops:
D:1 =


Innate Abilities, Weirdness & Mutations

You have a pair of horns on your head.
You reflexively headbutt those who attack you in melee.


Message History

Key pressed, stopping explore.
s - 3 brown potions (gained 1)
Found 9 stones.
t - a lumpy red potion Key pressed, stopping explore.
An ogre comes into view. It is wielding a +0 giant spiked club.
Found a stone staircase leading up.
The ogre shouts!
An ogre is nearby!
An ogre is nearby!
A goblin comes into view. It is wielding a +0 dagger.
The goblin shouts!
The ogre closely misses you.
You slash the ogre! Your headbutt misses the ogre.
The ogre is moderately wounded.
The ogre hits you with a +0 giant spiked club!
You barely miss the ogre.
The ogre is moderately wounded.
You slash the goblin!
You kill the goblin!
Trog accepts your kill.
You barely miss the ogre.
The ogre is moderately wounded.
The ogre hits you with a +0 giant spiked club!!
Ouch! That really hurt!
* * * LOW HITPOINT WARNING * * *
You are too injured to fight recklessly!
You are too injured to fight recklessly!
You are too injured to fight recklessly!
You are too injured to fight recklessly!
You are too injured to fight recklessly!
You are too injured to fight recklessly!
You are too injured to fight recklessly!
You are too injured to fight recklessly!
You are too injured to fight recklessly!
An ogre is nearby!
A red film seems to cover your vision as you go berserk!
You feel yourself moving faster!
You feel mighty!
The ogre hits you with a +0 giant spiked club!!
You die...

# ... #### #.... ....#
###########...#.. ....#
#........@O......
....####.#######.).#<...
.........##### #.#.# #
............(# #.#.#
.............# ... #
.............# .##
................
....########..## ...##
.##


You could see an ogre.

Vanquished Creatures
  Eustachio (D:4)
  A phantom (D:4)
  5 adders
  2 worms
  A dart slug (D:3)
  4 orcs
  4 ball pythons
  5 endoplasms
  3 giant cockroaches
  4 hobgoblins
  2 jackals (D:3)
  6 kobolds
  2 quokkas (D:2)
  A bat (D:2)
  3 frilled lizards
  7 goblins
  2 rats
53 creatures vanquished.

Notes
Turn   | Place    | Note
-------+----------+-------------------------------------------
     0 | D:1      | Persephone the Minotaur Berserker began the quest for the
                  | Orb.
     0 | D:1      | Reached XP level 1. HP: 19/19 MP: 0/0
    34 | D:1      | Found a faded altar of an unknown god.
   569 | D:1      | Reached XP level 2. HP: 27/27 MP: 1/1
   796 | D:1      | Found Hibrod's Jewellery Shop.
  1149 | D:2      | Reached skill level 4 in Axes
  1249 | D:2      | Reached XP level 3. HP: 26/33 MP: 2/2
  1522 | D:2      | Reached ** piety under Trog
  1705 | D:2      | Reached XP level 4. HP: 35/40 MP: 3/3
  2594 | D:3      | Found a basalt altar of Yredelemnul.
  2824 | D:3      | Found a white marble altar of Elyvilon.
  3037 | D:4      | Noticed a phantom
  3043 | D:4      | Killed a phantom
  3044 | D:4      | Reached skill level 6 in Axes
  3044 | D:4      | Reached XP level 5. HP: 34/46 MP: 4/4
  3168 | D:4      | Noticed Eustachio
  3181 | D:4      | Killed Eustachio
  3182 | D:4      | Reached skill level 7 in Axes
  3182 | D:4      | Reached XP level 6. HP: 52/52 MP: 5/5
  3302 | D:4      | Demolished by an ogre

Illustrated notes

Levels and vault maps discovered:
D:1:      lemuel_arrival_funnel, layout_loops_ring,
          chequers_ecumenical_altar_simple_redux, serial_shops, shop
D:2:      kennysheep_six_static_rooms, layout_basic
D:3:      layout_loops_ring, kennysheep_ying_yang
D:4:      layout_basic, gammafunk_ghost_gnarly_gnolls, uniq_eustachio,
          uniq_edmund

Skill      XL: |  1  2  3  4  5 |
---------------+----------------+-----
Fighting       | 4 |  4.3
Axes           | 4 6 7 |  7.5
Armour         | 3 |  3.3
Dodging        | 3 |  3.0

Action                   |  1- 3 |  4- 6 || total
-------------------------+-------+-------++-------
Melee: Hand axe          |    53 |     2 ||    55
       Headbutt          |    10 |    11 ||    21
       War axe           |       |    62 ||    62
       Punch             |       |     1 ||     1
Invok: Berserk           |       |     2 ||     2
Armor: Animal skin       |     2 |       ||     2
       Ring mail         |    13 |    23 ||    36
Dodge: Dodged            |    30 |    27 ||    57
